 Dungeon Crawl Stone Soup version 0.31.0-11-ge490571c62 (webtiles) character file.

Game seed: 8939649772375446239

271582 qw the Intangible (level 19, -3/112 HPs)
             Began as a Spriggan Hunter on Feb 4, 2024.
             Was a High Priest of Okawaru.
             Slain by a tengu reaver
             ... wielding a +0 long sword
             ... led by Sojobo
              (7 damage)
             ... on level 3 of the Vaults.
             The game lasted 00:06:17 (29825 turns).

qw the Intangible (Spriggan Hunter)                Turns: 29825, Time: 00:06:17

Health: -3/112     AC:  8    Str: 13    XL:     19   Next: 33%
Magic:  25/27      EV: 55    Int: 14    God:    Okawaru [*****.]
Gold:   334        SH:  0    Dex: 30    Spells: 18/18 levels left

rFire   + + .        c - +8 arbalest (drain)
rCold   + + +        (shield currently unavailable)
rNeg    . . .        f - +4 skin of Zhor {*Englaciate rC+++ SInv}
rPois   +            h - +1 hat "Danoshad" {*Slow rElec Will++ SInv}
rElec   +            B - +0 cloak "Ecidel" {rPois rF+ Int-2 Dex+3}
rCorr   +            (gloves unavailable)
SInv    +            (boots unavailable)
Will    +++++        n - amulet of faith
Stlth   ++           u - ring "Vabb" {rElec rF+ rCorr Int+6 Stlth-}
HPRegen 0.38/turn    e - +6 ring of strength
MPRegen 0.20/turn

%: slow self (1%), faith
@: about to teleport, finesse-ful, very quick
A: very small, no large weapons, unfitting armour, see invisible, speed 3
}: 1/15 runes: barnacled
a: Renounce Religion, Heroism, Finesse, Duel


You were on level 3 of the Vaults.
You worshipped Okawaru.
Okawaru was extremely pleased with you.
You visited 7 branches of the dungeon, and saw 33 of its levels.
You visited 1 bazaar.
You also visited: Gauntlet.

You collected 3162 gold pieces.
You spent 2828 gold pieces at shops.


Innate Abilities, Weirdness & Mutations

You are very small and have problems with some larger weapons.
You are too small for most types of armour.
You have supernaturally acute eyesight. (SInv)
You cover ground extremely quickly. (Speed+++)


   Skills:
 + Level 17.4 Fighting
 - Level 18.0 Ranged Weapons
 - Level 3.0 Armour
 O Level 27 Dodging
 - Level 1.5 Stealth
 - Level 10.0 Invocations


You had 18 spell levels left.
You didn't know any spells.
Your spell library was empty.

Inventory:

Hand Weapons
 c - a +8 arbalest of draining (weapon)
 z - the +5 arbalest of the Land of Plenty {flame, rC+ Str+3}
   (You took it off a minotaur in a Gauntlet)

   Str+3:     It affects your strength (+3).
   rC+:       It protects you from cold.
Armour
 f - the +4 skin of Zhor (worn) {*Englaciate rC+++ SInv}
   (You acquired it on level 1 of the Dungeon)

   *Englaciate: It radiates cold, occasionally slowing all nearby creatures who
   are not resistant to cold.
   rC+++:     It renders you almost immune to cold.
   SInv:      It lets you see invisible.
 h - the +1 hat "Danoshad" (worn) {*Slow rElec Will++ SInv}
   (You acquired it on level 1 of the Dungeon)

   rElec:     It insulates you from electricity.
   Will++:    It greatly increases your willpower.
   SInv:      It lets you see invisible.
   *Slow:     It may slow you when you take damage.
 v - a +0 troll leather armour
 w - the +3 hat of Tomorrow {-Cast +Blink rPois rCorr}
   (You acquired it on level 10 of the Dungeon)

   rPois:     It protects you from poison +Blink: It lets you blink.
   -Cast:     It prevents spellcasting.
   rCorr:     It protects you from acid and corrosion.
 x - a +1 robe of fire resistance
 A - a +2 robe of fire resistance
 B - the +0 cloak "Ecidel" (worn) {rPois rF+ Int-2 Dex+3}
   (Okawaru gifted it to you on level 1 of the Lair of Beasts)

   Int-2:     It affects your intelligence (-2).
   Dex+3:     It affects your dexterity (+3).
   rF+:       It protects you from fire.
   rPois:     It protects you from poison
 D - the +2 robe of Minor Irritation {^Drain rElec Will+++ Dex-2}
   (You found it on level 2 of the Shoals)

   Dex-2:     It affects your dexterity (-2).
   rElec:     It insulates you from electricity.
   Will+++:   It greatly increases your willpower.
   ^Drain:    It drains your maximum health when unequipped.
Jewellery
 e - a +6 ring of strength (right hand)
 i - a +6 ring of strength
 n - an amulet of faith (around neck)
 o - a ring of ice
 r - an amulet of guardian spirit
 u - the ring "Vabb" (left hand) {rElec rF+ rCorr Int+6 Stlth-}
   (You found it on level 12 of the Dungeon)

   [ring of resist corrosion]

   Int+6:     It affects your intelligence (+6).
   rF+:       It protects you from fire.
   rElec:     It insulates you from electricity.
   rCorr:     It protects you from acid and corrosion.
   Stlth-:    It makes you less stealthy.
 y - a ring of protection from fire
 Y - the ring "Woiwuw" {rN+ rCorr Int+6}
   (You found it on level 5 of the Lair of Beasts)

   [ring of positive energy]

   Int+6:     It affects your intelligence (+6).
   rN+:       It protects you from negative energy.
   rCorr:     It protects you from acid and corrosion.
Wands
 b - a wand of light (14)
 l - a wand of roots (21)
 p - a wand of paralysis (27)
 C - a wand of polymorph (5)
Scrolls
 g - 12 scrolls of identify
 q - 10 scrolls of teleportation
Potions
 a - 4 potions of enlightenment
 d - 7 potions of mutation
 j - 3 potions of cancellation
 k - 21 potions of curing
 m - 6 potions of magic
 s - 4 potions of resistance
 t - 9 potions of might
 E - 3 potions of haste
 F - 2 potions of heal wounds

Dungeon Overview and Level Annotations

Branches:
Dungeon (15/15)            Temple (1/1) D:4            Lair (5/5) D:11
 Shoals (4/4) Lair:2        Snake (3/4) Lair:2        Slime (0/5) Lair:4
    Orc (2/2) D:10            Elf (0/3) Orc:2        Vaults (3/5) D:14
 Depths (0/4) D:15        Gauntlet (visited)
  Crypt: Vaults:2-3

Altars:
Ashenzari
Cheibriados
Dithmenos
Elyvilon
Fedhas
Gozag
Hepliaklqana
Kikubaaqudgha
Makhleb
Nemelex Xobeh
Okawaru
Qazlal
Ru
Sif Muna
Trog
Uskayaw
Vehumet
Wu Jian
Xom
Yredelemnul
Zin
The Shining One

Shops:
D:7 *   D:8 (?*   D:11 *   Orc:2 ?:!   Shoals:1 (   Vaults:1 =   Vaults:2 [

Annotations:
D:5 1 runed translucent door, Crazy Yiuf
D:6 2 transporters, qw's ghost, novice DEHu
D:7 1 runed translucent door, qw's ghost, novice DEHu
D:9 1 runed translucent door
D:12 2 transporters, Bananafolds's ghost, journeyman DrAE
Shoals:3 exclusion: catoblepas
Snake:2 1 transporter, Dittersdorf's ghost, adept MiBe
Vaults:3 Sojobo


Message History

The air elemental completely misses you. x2
The air elemental fires a burst of electricity at you.
The stunning burst misses you.
The tengu reaver gestures at you while chanting.
The bolt of poison misses you.
The bolt of poison hits the air elemental.
The air elemental completely resists.
Sojobo waves her feathered arms in wide circles.
The air twists around and strikes you!
You shoot a bolt. The bolt hits Sojobo.
Sojobo is almost dead.
The air elemental completely misses you.
The air elemental fires a burst of electricity at you.
The stunning burst misses you. The air elemental hits you.
You shoot a bolt. The bolt completely misses Sojobo.
The air elemental fires a burst of electricity at you.
The stunning burst misses you.
The air elemental completely misses you.
The air elemental fires a burst of electricity at you.
The stunning burst misses you. Sojobo misses you. Sojobo pecks you.
Sojobo completely misses you.
The air elemental fires a burst of electricity at you.
The stunning burst misses you.
The tengu reaver hits you with a +0 long sword!!
The tengu reaver pecks you. The tengu reaver completely misses you.
29825 ||| READING 11 scrolls of teleportation.
As you read the scroll of teleportation, it crumbles to dust.
You feel strangely unstable.
The air elemental completely misses you.
The air elemental misses you.
The air elemental fires a burst of electricity at you.
The stunning burst misses you.
The air elemental completely misses you. x2
The air elemental fires a burst of electricity at you.
The stunning burst misses you.
The air elemental completely misses you.
The air elemental closely misses you.
The tengu reaver hits you with a +0 long sword!
The tengu reaver completely misses you. The tengu reaver claws you!
You die...

#......# #......# #..
#......# #.. #...<..#
###'####### #......#
#.......... #......#
#.......... ######'###
#..)....... .......#
#.EQE...... .......#
#.E@Q...... .......#
#......(... .......#
#.......... .......#
####'######'##
.......#
#.............
.......# #...........
.
######'####)..........
#......)..))..........
+.......).#...........


You could see Sojobo (repels missiles, drained), a tengu reaver (repels
missiles) and 3 air elementals.

Vanquished Creatures
  Mara (Shoals:4)
  Boris (Vaults:3)
  Norris (Vaults:3)
  A sphinx (Vaults:2)
  Polyphemus (Shoals:3)
  Kirke (D:14)
  A shadow dragon (Vaults:3)
  Donald (Snake:1)
  Roxanne (Snake:3)
  A frost giant (Vaults:3)
  An orc warlord (Vaults:3)
  6 vault wardens
  10 ironbound preservers
  4 ironbound thunderhulks
  Nessos (Lair:5)
  6 dire elephants
  A minotaur (Gauntlet)
  12 merfolk impalers
  Josephine (D:14)
  2 merfolk javelineers (Shoals:4)
  An entropy weaver (Vaults:2)
  3 yaktaur captains
  Erolcha (D:12)
  5 great orbs of eyes
  A salamander tyrant (Snake:3)
  8 vault guards
  6 ogre magi
  A hell beast (Gauntlet)
  2 hydras
  9 centaur warriors
  7 merfolk avatars
  2 alligator snapping turtles
  3 satyrs (Shoals:3)
  5 anacondas (Snake:3)
  5 catoblepae
  7 ironbound frosthearts
  5 boulder beetles
  4 death yaks
  Erica (Lair:2)
  5 merfolk aquamancers
  13 two-headed ogres
  6 naga warriors
  A spectral dire elephant (Lair:5)
  A naga sharpshooter (Snake:1)
  2 thrashing horrors (Gauntlet)
  2 tengu warriors (D:15)
  2 shock serpents (Snake:3)
  Amaemon (D:9)
  8 anaconda zombies (Snake:3)
  16 sea snakes
  3 salamander mystics (Snake:3)
  6 spectral anacondas
  A spectral death yak (Lair:5)
  7 skysharks
  5 arcanists
  27 deep trolls
  3 naga ritualists
  A kraken simulacrum (Shoals:4)
  7 mana vipers
  5 lindwurms (Vaults:1)
  11 ironbound convokers
  An orc knight (Orc:2)
  2 obsidian statues
  2 anaconda skeletons (Snake:3)
  15 harpies
  2 deep elf zephyrmancers (Orc:1)
  4 necromancers (Lair:5)
  A wolf spider (D:15)
  3 deep elf pyromancers
  5 orc sorcerers (Orc:2)
  20 ugly things
  13 manticores
  12 fauns
  5 cyclopes
  A dire elephant zombie (Lair:5)
  10 salamanders
  5 elephants (Lair:5)
  17 merfolk sirens
  Joseph (D:10)
  2 kobold blastminers (Orc:1)
  5 vault sentinels
  A water nymph (shapeshifter) (Vaults:1)
  A torpor snail (Lair:5)
  21 black mambas
  3 naga magi (Snake:2)
  8 water nymphs
  An orange demon (D:9)
  2 gargoyles
  11 cane toads
  5 komodo dragons
  2 kobold demonologists (D:10)
  2 rime drakes
  Psyche (D:9)
  2 unseen horrors
  23 yaktaurs
  4 anaconda simulacra (Snake:3)
  2 tengu conjurers (D:15)
  3 harpy zombies (Shoals:2)
  A tarantella (Vaults:2)
  33 merfolk
  4 trolls
  3 wind drakes
  Grinder (D:5)
  3 hornets
  11 dream sheep
  A spectral elephant (Lair:5)
  A dream sheep (shapeshifter) (Vaults:1)
  19 blink frogs
  A snapping turtle (shapeshifter) (Vaults:1)
  A jumping spider (Vaults:2)
  5 snapping turtles
  3 shadows
  18 slime creatures
  Sigmund (D:2)
  6 wraiths
  A spriggan (shapeshifter) (Vaults:1)
  10 water elementals
  59 yaks
  4 hogs (D:14)
  3 humans (D:14)
  14 wyverns
  13 basilisks
  Eustachio (D:5)
  10 wargs (Orc:2)
  A steam dragon (D:6)
  A redback (Vaults:2)
  6 vampire mosquitoes
  Edmund (D:6)
  A redback (shapeshifter) (Vaults:1)
  23 nagas
  An acid dragon (D:13)
  2 spectral cane toads (Lair:5)
  10 water moccasins
  A swamp drake (Orc:1)
  An ice beast (D:5)
  2 black bears
  17 orc warriors
  2 sky beasts
  An elephant zombie (Lair:5)
  2 laughing skulls (D:13)
  3 manticore zombies (Shoals:2)
  4 small abominations (Gauntlet)
  11 wolves (Lair:1)
  6 boggarts
  13 centaurs
  12 ogres
  2 phantoms
  3 kobold brigands (D:10)
  Blork the orc (D:5)
  8 bullfrogs
  A cane toad simulacrum (Lair:5)
  3 scorpions
  3 wights (D:7)
  3 elephant simulacra (Lair:5)
  2 howler monkeys (D:9)
  A bombardier beetle (D:6)
  3 crimson imps
  3 hounds
  7 jellies
  3 lava snakes (Lair:2)
  13 orc priests
  2 gnoll boudas (D:9)
  An iron imp (Orc:1)
  3 sleepcaps
  Jessica (D:2)
  4 iguanas
  41 orc wizards
  7 hell rats (D:14)
  9 gnolls
  9 adders
  A shadow imp (Orc:1)
  2 white imps
  2 dart slugs
  A ribbon worm (D:3)
  102 orcs
  6 ball pythons
  9 endoplasms
  2 giant cockroaches
  9 goblins
  8 hobgoblins
  6 jackals (D:2)
  10 kobolds
  3 quokkas
  A bat (D:2)
  3 frilled lizards
  A hobgoblin zombie (D:3)
  2 kobold skeletons (D:3)
  2 kobold zombies (D:3)
  2 rats
  A tentacle (Shoals:4)
1135 creatures vanquished.

Vanquished Creatures (others)
  A guardian serpent (Snake:3)
  A human (D:7)
  10 tentacles (Shoals:4)
12 creatures vanquished.

Grand Total: 1147 creatures vanquished

Notes
Turn   | Place    | Note
-------+----------+-------------------------------------------
     0 | D:1      | qw the Spriggan Hunter began the quest for the Orb.
     0 | D:1      | Reached XP level 1. HP: 10/10 MP: 2/2
     0 | D:1      | 0 ||| qw: Version: 0.3-a-160-g6735b56
     0 | D:1      | 0 ||| qw: Game counter: 5232
     0 | D:1      | 0 ||| qw: Melee chars always use a shield: true
     0 | D:1      | 0 ||| qw: God list: Okawaru
     0 | D:1      | 0 ||| qw: Allow faded altars: false
     0 | D:1      | 0 ||| qw: Do Orc after clearing Dungeon:15 true
     0 | D:1      | 0 ||| qw: Do second Lair branch before Depths: true
     0 | D:1      | 0 ||| qw: Lair rune preference: random
     0 | D:1      | 0 ||| qw: Goals: Normal
     0 | D:1      | 0 ||| PLANNING D:1-11
   154 | D:1      | Reached skill level 3 in Dodging
   211 | D:1      | Reached XP level 2. HP: 14/14 MP: 3/3
   272 | D:1      | Reached skill level 4 in Dodging
   691 | D:1      | 691 ||| UPGRADING to ring of positive energy.
   692 | D:1      | 692 ||| READING scroll labelled GAACRA LILANGO.
   693 | D:1      | 693 ||| READING scroll labelled XOACHA LALONA.
   693 | D:1      | 693 ||| IDENTIFYING smoky purple potion
   694 | D:1      | 694 ||| READING scroll labelled VIACEYMERI.
   695 | D:1      | 695 ||| READING 3 scrolls labelled JEARIYLLOLU.
   695 | D:1      | Identified 3 scrolls of acquirement
   695 | D:1      | 695 ||| ACQUIRING +4 skin of Zhor {*Englaciate rC+++ SInv}
   695 | D:1      | Acquired the +4 skin of Zhor {*Englaciate rC+++ SInv}
   695 | D:1      | Found the +4 skin of Zhor {*Englaciate rC+++ SInv}
   697 | D:1      | 697 ||| UPGRADING to +4 skin of Zhor {*Englaciate rC+++
                  | SInv}.
   707 | D:1      | 707 ||| DROPPING +0 robe.
   708 | D:1      | 708 ||| READING 2 scrolls of acquirement.
   708 | D:1      | 708 ||| ACQUIRING +1 hat "Danoshad" {*Slow rElec Will++
                  | SInv}
   708 | D:1      | Acquired the +1 hat "Danoshad" {*Slow rElec Will++ SInv}
   709 | D:1      | 709 ||| READING scroll of acquirement.
   709 | D:1      | 709 ||| ACQUIRING +4 arbalest of freezing
   709 | D:1      | Acquired a +4 arbalest of freezing
   711 | D:1      | 711 ||| SWAPPING to +4 arbalest of freezing.
   712 | D:1      | 712 ||| UPGRADING to +1 hat "Danoshad" {*Slow rElec Will++
                  | SInv}.
   717 | D:1      | 717 ||| DROPPING +0 shortbow.
   718 | D:1      | 718 ||| DROPPING scroll of butterflies.
   807 | D:2      | Found a faded altar of an unknown god.
   809 | D:2      | Reached XP level 3. HP: 18/18 MP: 4/4
   871 | D:2      | Noticed Sigmund
   873 | D:2      | Killed Sigmund
   874 | D:2      | Reached skill level 6 in Ranged Weapons
   874 | D:2      | Reached XP level 4. HP: 22/22 MP: 5/5
   874 | D:2      | Reached XP level 5. HP: 25/25 MP: 6/6
   874 | D:2      | Noticed Jessica
   875 | D:2      | Killed Jessica
  1057 | D:2      | Reached skill level 5 in Dodging
  1282 | D:2      | 1282 ||| READING 2 scrolls of identify.
  1282 | D:2      | 1282 ||| IDENTIFYING sedimented silvery potion
  1283 | D:2      | 1283 ||| READING scroll of identify.
  1283 | D:2      | 1283 ||| IDENTIFYING bubbling blue potion
  1284 | D:2      | 1284 ||| READING scroll labelled ZOCSUO JYQIFU.
  1284 | D:2      | 1284 ||| ENCHANTING +4 arbalest of freezing.
  1285 | D:2      | 1285 ||| READING scroll labelled ZUIRGH NEUMIQ.
  1386 | D:2      | 1386 ||| DROPPING potion of berserk rage.
  1627 | D:3      | Reached XP level 6. HP: 30/30 MP: 7/7
  1627 | D:3      | Found a glowing golden altar of the Shining One.
  1734 | D:3      | Found an opulent altar of Gozag.
  1955 | D:3      | 1955 ||| UPGRADING to +0 cloak.
  1960 | D:3      | 1960 ||| UPGRADING to amulet of faith.
  1965 | D:3      | 1965 ||| READING 2 scrolls of identify.
  1965 | D:3      | 1965 ||| IDENTIFYING glowing cyan potion
  1966 | D:3      | 1966 ||| READING scroll of identify.
  1966 | D:3      | 1966 ||| IDENTIFYING purple potion
  1967 | D:3      | 1967 ||| READING scroll labelled YCRIM MOETEAJ.
  2014 | D:3      | 2014 ||| READING scroll labelled QOXKUD XEFFO.
  2014 | D:3      | 2014 ||| ENCHANTING +0 cloak.
  2015 | D:3      | 2015 ||| READING scroll labelled GAF LUUGUGGYIT.
  2018 | D:3      | 2018 ||| READING scroll labelled OSEIKU WEFRI.
  2019 | D:3      | 2019 ||| DROPPING potion of invisibility.
  2081 | D:4      | Reached skill level 6 in Dodging
  2119 | D:4      | Found a staircase to the Ecumenical Temple.
  2120 | D:4      | 2120 ||| PLANNING TEMPLE
  2129 | Temple   | Entered the Ecumenical Temple
  2130 | Temple   | 2130 ||| PLANNING D:1-11
  2130 | Temple   | 2130 ||| DRINKING 2 clear potions.
  2131 | Temple   | 2131 ||| DROPPING potion of brilliance.
  2197 | D:4      | Reached XP level 7. HP: 35/35 MP: 8/8
  2208 | D:4      | Found a stormy altar of Qazlal.
  2297 | D:4      | Reached skill level 7 in Dodging
  2590 | D:4      | 2590 ||| READING scroll labelled ECAIFUE TUBOU.
  2591 | D:4      | 2591 ||| READING 3 scrolls labelled YCEOSASUKO.
  2692 | D:4      | 2692 ||| DROPPING 2 scrolls of silence.
  2715 | D:5      | Entered Level 5 of the Dungeon
  2850 | D:5      | Reached skill level 8 in Dodging
  2860 | D:5      | Reached XP level 8. HP: 39/39 MP: 9/9
  2934 | D:5      | 2934 ||| READING scroll of enchant weapon.
  2934 | D:5      | 2934 ||| ENCHANTING +5 arbalest of freezing.
  2963 | D:5      | Noticed Grinder
  2966 | D:5      | Killed Grinder
  2967 | D:5      | Reached skill level 3 in Fighting
  3001 | D:5      | Noticed Eustachio
  3008 | D:5      | Killed Eustachio
  3016 | D:5      | Noticed Blork the orc
  3018 | D:5      | Killed Blork the orc
  3041 | D:5      | Reached skill level 9 in Ranged Weapons
  3204 | D:5      | Found a runed translucent door.
  3205 | D:5      | Noticed Crazy Yiuf
  3470 | D:5      | 3470 ||| READING scroll of identify.
  3470 | D:5      | 3470 ||| IDENTIFYING golden potion
  3471 | D:5      | 3471 ||| DROPPING potion of lignification.
  3609 | D:6      | Reached skill level 9 in Dodging
  3729 | D:6      | Found a transporter.
  3732 | D:6      | Noticed qw's ghost (novice DEHu)
  3742 | D:6      | Reached XP level 9. HP: 45/45 MP: 10/10
  3780 | D:6      | Found a transporter.
  3794 | D:6      | Reached skill level 10 in Dodging
  3802 | D:6      | 3802 ||| Stepping ~*~*~tactically~*~*~ (cloud).
  3852 | D:6      | Found a radiant altar of Vehumet.
  3921 | D:6      | Noticed Edmund
  3923 | D:6      | Killed Edmund
  3930 | D:6      | 3930 ||| READING scroll of enchant weapon.
  3930 | D:6      | 3930 ||| ENCHANTING +6 arbalest of freezing.
  4003 | D:6      | Noticed a two-headed ogre
  4005 | D:6      | Killed a two-headed ogre
  4006 | D:6      | Reached skill level 12 in Dodging
  4236 | D:7      | Found an ancient bone altar of Kikubaaqudgha.
  4244 | D:7      | Noticed qw's ghost (novice DEHu)
  4301 | D:7      | Found a runed translucent door.
  4408 | D:7      | Reached XP level 10. HP: 50/50 MP: 11/11
  4727 | D:7      | 4727 ||| FLEEEEING.
  4729 | D:7      | 4729 ||| FLEEEEING.
  4730 | D:7      | 4730 ||| FLEEEEING.
  4731 | D:7      | 4731 ||| FLEEEEING.
  4732 | D:7      | 4732 ||| FLEEEEING.
  4734 | D:7      | 4734 ||| FLEEEEING.
  4735 | D:7      | 4735 ||| FLEEEEING.
  4737 | D:7      | 4737 ||| FLEEEEING.
  4738 | D:7      | 4738 ||| FLEEEEING.
  4745 | D:7      | 4745 ||| FLEEEEING.
  4746 | D:7      | 4746 ||| FLEEEEING.
  4748 | D:7      | 4748 ||| STAIRDANCE
  4764 | D:6      | 4764 ||| READING scroll of identify.
  4764 | D:6      | 4764 ||| IDENTIFYING viscous cyan potion
  4765 | D:6      | 4765 ||| READING scroll labelled QILLOQ TUDIWE.
  4780 | D:7      | Found Reroc's Assorted Antiques.
  4791 | D:7      | 4791 ||| BUYING ivory wand (128 gold).
  4791 | D:7      | Bought an ivory wand for 128 gold pieces
  4791 | D:7      | 4791 ||| BUYING potion of mutation (256 gold).
  4791 | D:7      | Bought a potion of mutation for 256 gold pieces
  5085 | D:7      | 5085 ||| DROPPING wand of flame (8).
  5126 | D:8      | Noticed a two-headed ogre
  5127 | D:8      | 5127 ||| ZAPPING wand of paralysis (11) at -7,-3
                  | (two-headed ogre; floor).
  5128 | D:8      | 5128 ||| ZAPPING wand of paralysis (10) at -6,-2
                  | (two-headed ogre; floor).
  5129 | D:8      | 5129 ||| ZAPPING wand of paralysis (9) at -5,-2 (two-headed
                  | ogre; floor).
  5132 | D:8      | Killed a two-headed ogre
  5185 | D:8      | Reached skill level 12 in Ranged Weapons
  5297 | D:8      | Found Seetre Qibo's General Store.
  5306 | D:8      | 5306 ||| SHOPLISTING amulet of regeneration (420 gold, have
                  | 126).
  5306 | D:8      | 5306 ||| BUYING potion of mutation (112 gold).
  5306 | D:8      | Bought a potion of mutation for 112 gold pieces
  5306 | D:8      | 5306 ||| SHOPLISTING scroll of enchant weapon (105 gold,
                  | have 14).
  5328 | D:8      | Found Qumatausso's Magic Scroll Shoppe.
  5336 | D:8      | 5336 ||| SHOPLISTING scroll of identify (28 gold, have 14).
  5451 | D:8      | Found Waunt's Antique Weapon Boutique.
  5583 | D:8      | Found a glowing silver altar of Zin.
  5588 | D:8      | Found a blossoming altar of Fedhas.
  5588 | D:8      | Found a basalt altar of Yredelemnul.
  5601 | D:8      | Found a bloodstained altar of Trog.
  5604 | D:8      | Found an iron altar of Okawaru.
  5605 | D:8      | 5605 ||| PLANNING OKAWARU WORSHIP
  5611 | D:8      | Became a worshipper of Warmaster Okawaru
  5612 | D:8      | 5612 ||| PLANNING D:1-11
  5720 | D:8      | Reached skill level 13 in Dodging
  5779 | D:8      | Identified the +5 leather armour of Neuk {Harm rElec SInv}
  5807 | D:9      | 5807 ||| RETREEEEATING.
  5808 | D:9      | 5808 ||| RETREEEEATING.
  5816 | D:9      | Reached * piety under Okawaru
  5824 | D:9      | Reached skill level 1 in Invocations
  5847 | D:9      | Noticed an orange demon
  5848 | D:9      | 5848 ||| INVOKING Heroism.
  5851 | D:9      | Killed an orange demon
  5851 | D:9      | Noticed Amaemon
  5861 | D:9      | Killed Amaemon
  5861 | D:9      | Reached ** piety under Okawaru
  5862 | D:9      | Reached skill level 3 in Invocations
  5931 | D:9      | Found a shimmering altar of Xom.
  5933 | D:9      | Found a burning altar of Makhleb.
  5954 | D:9      | Noticed a two-headed ogre
  5958 | D:9      | Found a runed translucent door.
  6033 | D:9      | Reached XP level 11. HP: 55/55 MP: 14/14
  6083 | D:9      | Noticed a two-headed ogre
  6086 | D:9      | Killed a two-headed ogre
  6086 | D:9      | Reached *** piety under Okawaru
  6238 | D:9      | Noticed Psyche
  6240 | D:9      | Killed Psyche
  6301 | D:9      | 6301 ||| DROPPING +1 cloak.
  6302 | D:9      | 6302 ||| READING scroll of identify.
  6302 | D:9      | 6302 ||| IDENTIFYING murky golden potion
  6303 | D:9      | 6303 ||| DRINKING 3 viscous puce potions.
  6304 | D:9      | 6304 ||| DRINKING 5 potions of curing.
  6304 | D:9      | 6304 ||| (to cure confusion)
  6305 | D:9      | 6305 ||| DROPPING 2 potions of ambrosia.
  6319 | D:10     | Entered Level 10 of the Dungeon
  6591 | D:10     | Found a staircase to the Orcish Mines.
  6675 | D:10     | Reached skill level 14 in Dodging
  6680 | D:10     | 6680 ||| READING scroll of enchant armour.
  6680 | D:10     | 6680 ||| ENCHANTING +1 cloak.
  6762 | D:10     | 6762 ||| RETREEEEATING.
  6763 | D:10     | 6763 ||| RETREEEEATING.
  6765 | D:10     | 6765 ||| RETREEEEATING.
  6766 | D:10     | 6766 ||| RETREEEEATING.
  6769 | D:10     | 6769 ||| RETREEEEATING.
  6770 | D:10     | 6770 ||| RETREEEEATING.
  6771 | D:10     | 6771 ||| RETREEEEATING.
  6772 | D:10     | 6772 ||| RETREEEEATING.
  6774 | D:10     | 6774 ||| RETREEEEATING.
  6775 | D:10     | 6775 ||| RETREEEEATING.
  6777 | D:10     | 6777 ||| RETREEEEATING.
  6778 | D:10     | 6778 ||| INVOKING Heroism.
  6783 | D:10     | Reached **** piety under Okawaru
  6813 | D:10     | 6813 ||| READING scroll of acquirement.
  6813 | D:10     | 6813 ||| ACQUIRING +3 hat of Tomorrow {-Cast +Blink rPois
                  | rCorr}
  6813 | D:10     | Acquired the +3 hat of Tomorrow {-Cast +Blink rPois rCorr}
  6815 | D:10     | 6815 ||| UPGRADING to +3 hat of Tomorrow {-Cast +Blink
                  | rPois rCorr}.
  7058 | D:10     | Noticed Joseph
  7061 | D:10     | Killed Joseph
  7188 | D:10     | 7188 ||| READING scroll labelled DUCEYN XYAGAT.
  7238 | D:11     | Found Zej Cil's General Store.
  7250 | D:11     | 7250 ||| BUYING scroll of teleportation (42 gold).
  7250 | D:11     | Bought a scroll of teleportation for 42 gold pieces
  7250 | D:11     | 7250 ||| BUYING scroll of teleportation (42 gold).
  7250 | D:11     | Bought a scroll of teleportation for 42 gold pieces
  7340 | D:11     | Reached ***** piety under Okawaru
  7350 | D:11     | Noticed a boulder beetle
  7351 | D:11     | 7351 ||| INVOKING Finesse.
  7370 | D:11     | Killed a boulder beetle
  7371 | D:11     | Reached skill level 6 in Invocations
  7427 | D:11     | 7427 ||| RETREEEEATING.
  7432 | D:11     | 7432 ||| STAIRDANCE
  7437 | D:10     | 7437 ||| READING scroll labelled TUSECA BAPLU.
  7440 | D:11     | 7440 ||| STAIRDANCE
  7573 | D:11     | Noticed a two-headed ogre
  7574 | D:11     | 7574 ||| RETREEEEATING.
  7575 | D:11     | 7575 ||| RETREEEEATING.
  7578 | D:11     | 7578 ||| RETREEEEATING.
  7580 | D:11     | 7580 ||| RETREEEEATING.
  7581 | D:11     | 7581 ||| RETREEEEATING.
  7584 | D:11     | 7584 ||| ZAPPING wand of light (18) at 1,5 (two-headed
                  | ogre; floor).
  7585 | D:11     | 7585 ||| ZAPPING wand of light (17) at 1,4 (two-headed
                  | ogre; floor).
  7586 | D:11     | 7586 ||| INVOKING Finesse.
  7590 | D:11     | Killed a two-headed ogre
  7591 | D:11     | Reached XP level 12. HP: 60/60 MP: 18/18
  7603 | D:11     | Found a staircase to the Lair.
  7707 | D:11     | 7707 ||| PLANNING LAIR
  7711 | Lair:1   | Entered Level 1 of the Lair of Beasts
  7724 | Lair:1   | 7724 ||| RETREEEEATING.
  7725 | Lair:1   | 7725 ||| RETREEEEATING.
  7726 | Lair:1   | 7726 ||| RETREEEEATING.
  7886 | Lair:1   | 7886 ||| RETREEEEATING.
  7890 | Lair:1   | 7890 ||| RETREEEEATING.
  7893 | Lair:1   | 7893 ||| RETREEEEATING.
  8036 | Lair:1   | Reached skill level 15 in Dodging
  8046 | Lair:1   | 8046 ||| RETREEEEATING.
  8047 | Lair:1   | 8047 ||| RETREEEEATING.
  8049 | Lair:1   | Reached ****** piety under Okawaru
  8059 | Lair:1   | Received a gift from Okawaru
  8060 | Lair:1   | 8060 ||| INVOKING Receive Weapon.
  8060 | Lair:1   | 8060 ||| ACQUIRING +5 orcbow of electrocution
  8060 | Lair:1   | Acquired a +5 orcbow of electrocution
  8060 | Lair:1   | Received a gift from Okawaru
  8061 | Lair:1   | 8061 ||| INVOKING Receive Armour.
  8061 | Lair:1   | 8061 ||| ACQUIRING +0 cloak "Ecidel" {rPois rF+ Int-2
                  | Dex+3}
  8061 | Lair:1   | Acquired the +0 cloak "Ecidel" {rPois rF+ Int-2 Dex+3}
  8061 | Lair:1   | Received a gift from Okawaru
  8566 | Lair:1   | 8566 ||| UPGRADING to +0 cloak "Ecidel" {rPois rF+ Int-2
                  | Dex+3}.
  8576 | Lair:1   | 8576 ||| DROPPING +2 cloak.
  8577 | Lair:1   | 8577 ||| UPGRADING to +1 hat "Danoshad" {*Slow rElec Will++
                  | SInv}.
  8587 | Lair:1   | 8587 ||| UPGRADING to ring of fire.
  8588 | Lair:1   | 8588 ||| UPGRADING to +6 ring of strength.
  8590 | Lair:1   | 8590 ||| READING 4 scrolls of identify.
  8590 | Lair:1   | 8590 ||| IDENTIFYING coppery potion
  8591 | Lair:1   | 8591 ||| READING 3 scrolls of identify.
  8591 | Lair:1   | 8591 ||| IDENTIFYING bubbling amethyst potion
  8592 | Lair:1   | 8592 ||| READING 2 scrolls of identify.
  8592 | Lair:1   | 8592 ||| IDENTIFYING lumpy clear potion
  8593 | Lair:1   | 8593 ||| READING scroll of identify.
  8593 | Lair:1   | 8593 ||| IDENTIFYING viscous purple potion
  8594 | Lair:1   | 8594 ||| DROPPING potion of attraction.
  8595 | Lair:1   | 8595 ||| DROPPING potion of degeneration.
  8770 | Lair:2   | Reached skill level 9 in Invocations
  8829 | Lair:2   | Identified the +1 flail "Woifil" {flame, Fly}
  8855 | Lair:2   | Found a staircase to the Snake Pit.
  8858 | Lair:2   | Received a gift from Okawaru
  8978 | Lair:2   | Noticed Erica
  8979 | Lair:2   | 8979 ||| INVOKING Finesse.
  8984 | Lair:2   | Killed Erica
  9024 | Lair:2   | Reached skill level 16 in Dodging
  9032 | Lair:2   | Received a gift from Okawaru
  9033 | Lair:2   | Reached skill level 6 in Fighting
  9253 | Lair:2   | Found a staircase to the Shoals.
  9330 | Lair:2   | 9330 ||| UPGRADING to +6 ring of strength.
  9332 | Lair:2   | 9332 ||| DROPPING ring of positive energy.
  9481 | Lair:3   | 9481 ||| RETREEEEATING.
  9482 | Lair:3   | 9482 ||| RETREEEEATING.
  9483 | Lair:3   | 9483 ||| RETREEEEATING.
  9484 | Lair:3   | 9484 ||| RETREEEEATING.
  9485 | Lair:3   | 9485 ||| RETREEEEATING.
  9489 | Lair:3   | Reached XP level 13. HP: 65/65 MP: 21/21
  9843 | Lair:3   | 9843 ||| READING 3 scrolls of identify.
  9843 | Lair:3   | 9843 ||| IDENTIFYING scroll labelled QYEMEDGH YSEOL
  9844 | Lair:3   | 9844 ||| DROPPING scroll of amnesia.
  9868 | Lair:4   | Received a gift from Okawaru
 10062 | Lair:4   | Reached skill level 15 in Ranged Weapons
 10268 | Lair:4   | 10268 ||| RETREEEEATING.
 10270 | Lair:4   | 10270 ||| RETREEEEATING.
 10272 | Lair:4   | 10272 ||| RETREEEEATING.
 10274 | Lair:4   | 10274 ||| RETREEEEATING.
 10376 | Lair:4   | Found a staircase to the Slime Pits.
 10392 | Lair:4   | 10392 ||| READING scroll of brand weapon.
 10392 | Lair:4   | 10392 ||| BRANDING +7 arbalest of freezing.
 10513 | Lair:4   | 10513 ||| RETREEEEATING.
 10515 | Lair:4   | 10515 ||| RETREEEEATING.
 10517 | Lair:4   | 10517 ||| RETREEEEATING.
 10519 | Lair:4   | 10519 ||| RETREEEEATING.
 10521 | Lair:4   | 10521 ||| RETREEEEATING.
 10523 | Lair:4   | 10523 ||| RETREEEEATING.
 10544 | Lair:4   | Received a gift from Okawaru
 10545 | Lair:4   | Reached skill level 17 in Dodging
 10556 | Lair:4   | Reached skill level 1 in Armour
 10818 | Lair:5   | Entered Level 5 of the Lair of Beasts
 10822 | Lair:5   | 10822 ||| STAIRDANCE
 10828 | Lair:5   | 10828 ||| STAIRDANCE
 10836 | Lair:5   | 10836 ||| STAIRDANCE
 10847 | Lair:5   | 10847 ||| Stepping ~*~*~tactically~*~*~ (cloud).
 10853 | Lair:5   | 10853 ||| Stepping ~*~*~tactically~*~*~ (cloud).
 10908 | Lair:5   | 10908 ||| READING scroll of brand weapon.
 10908 | Lair:5   | 10908 ||| BRANDING +7 arbalest of flaming.
 10926 | Lair:5   | Noticed Nessos
 10929 | Lair:5   | 10929 ||| ZAPPING wand of light (16) at 3,5 (Nessos;
                  | floor).
 10930 | Lair:5   | 10930 ||| ZAPPING wand of light (15) at 3,5 (Nessos;
                  | floor).
 10931 | Lair:5   | 10931 ||| ZAPPING wand of light (14) at 3,5 (Nessos;
                  | floor).
 10932 | Lair:5   | 10932 ||| ZAPPING wand of light (13) at 3,5 (Nessos;
                  | floor).
 10933 | Lair:5   | 10933 ||| ZAPPING wand of light (12) at 3,5 (Nessos;
                  | floor).
 10935 | Lair:5   | 10935 ||| INVOKING Finesse.
 10937 | Lair:5   | Killed Nessos
 10938 | Lair:5   | Reached skill level 18 in Dodging
 10978 | Lair:5   | 10978 ||| RETREEEEATING.
 10988 | Lair:5   | Received a gift from Okawaru
 11009 | Lair:5   | 11009 ||| RETREEEEATING.
 11012 | Lair:5   | 11012 ||| RETREEEEATING.
 11068 | Lair:5   | 11068 ||| INVOKING Finesse.
 11171 | Lair:5   | Noticed a dire elephant
 11171 | Lair:5   | Noticed a dire elephant
 11171 | Lair:5   | Noticed a dire elephant
 11172 | Lair:5   | 11172 ||| INVOKING Finesse.
 11174 | Lair:5   | Noticed a dire elephant
 11180 | Lair:5   | Killed a dire elephant
 11310 | Lair:5   | Received a gift from Okawaru
 11344 | Lair:5   | HP: 11/65 [dire elephant zombie (6)]
 11345 | Lair:5   | 11345 ||| READING 9 scrolls of teleportation.
 11346 | Lair:5   | 11346 ||| DRINKING potion of heal wounds.
 11772 | Lair:5   | 11772 ||| INVOKING Finesse.
 11781 | Lair:5   | Killed a dire elephant
 11796 | Lair:5   | Killed a dire elephant
 11801 | Lair:5   | Killed a dire elephant
 11900 | Lair:5   | Got an earthy gem with 620 turns to spare
 11929 | Lair:5   | 11929 ||| RETREEEEATING.
 11945 | Lair:5   | 11945 ||| RETREEEEATING.
 11946 | Lair:5   | 11946 ||| RETREEEEATING.
 12037 | Lair:5   | 12037 ||| RETREEEEATING.
 12038 | Lair:5   | 12038 ||| RETREEEEATING.
 12057 | Lair:5   | Reached XP level 14. HP: 72/72 MP: 22/22
 12065 | Lair:5   | Identified the ring "Woiwuw" {rN+ rCorr Int+6}
 12088 | Lair:5   | 12088 ||| RETREEEEATING.
 12089 | Lair:5   | 12089 ||| RETREEEEATING.
 12274 | Lair:5   | 12274 ||| RETREEEEATING.
 12277 | Lair:5   | 12277 ||| RETREEEEATING.
 12302 | Lair:5   | Received a gift from Okawaru
 12342 | Lair:5   | 12342 ||| PLANNING D
 12342 | Lair:5   | 12342 ||| UPGRADING to ring "Woiwuw" {rN+ rCorr Int+6}.
 12344 | Lair:5   | 12344 ||| READING 4 scrolls of identify.
 12344 | Lair:5   | 12344 ||| IDENTIFYING fuming red potion
 12429 | D:12     | Found a transporter.
 12431 | D:12     | Identified the +4 giant club "Amopaeh" {venom, rElec rPois
                  | Will+ Int+2 Stlth-}
 12432 | D:12     | Noticed Bananafolds's ghost (journeyman DrAE)
 12436 | D:12     | Found a transporter.
 12455 | D:12     | Identified the ring "Vabb" {rElec rF+ rCorr Int+6 Stlth-}
 12492 | D:12     | 12492 ||| RETREEEEATING.
 12495 | D:12     | 12495 ||| FLEEEEING.
 12496 | D:12     | 12496 ||| FLEEEEING.
 12497 | D:12     | 12497 ||| FLEEEEING.
 12499 | D:12     | 12499 ||| FLEEEEING.
 12500 | D:12     | 12500 ||| FLEEEEING.
 12501 | D:12     | 12501 ||| FLEEEEING.
 12503 | D:12     | 12503 ||| FLEEEEING.
 12504 | D:12     | 12504 ||| FLEEEEING.
 12506 | D:12     | 12506 ||| FLEEEEING.
 12508 | D:12     | 12508 ||| READING 8 scrolls of teleportation.
 12509 | D:12     | 12509 ||| ZAPPING wand of paralysis (14) at 1,-1 (enormous
                  | slime creature; open_door).
 12512 | D:12     | 12512 ||| RETREEEEATING.
 12824 | D:12     | Noticed Erolcha
 12828 | D:12     | Killed Erolcha
 12921 | D:12     | 12921 ||| RETREEEEATING.
 12926 | D:12     | 12926 ||| RETREEEEATING.
 12929 | D:12     | 12929 ||| READING 7 scrolls of teleportation.
 12930 | D:12     | 12930 ||| ZAPPING wand of paralysis (16) at 0,1 (enormous
                  | slime creature; stone_stairs_down_ii).
 12931 | D:12     | 12931 ||| FLEEEEING.
 13113 | D:12     | 13113 ||| RETREEEEATING.
 13114 | D:12     | 13114 ||| RETREEEEATING.
 13115 | D:12     | 13115 ||| INVOKING Finesse.
 13123 | D:12     | 13123 ||| INVOKING Heroism.
 13124 | D:12     | 13124 ||| READING 6 scrolls of teleportation.
 13129 | D:12     | 13129 ||| READING 5 scrolls of teleportation.
 13294 | D:12     | 13294 ||| UPGRADING to ring "Vabb" {rElec rF+ rCorr Int+6
                  | Stlth-}.
 13296 | D:12     | 13296 ||| UPGRADING to +6 ring of strength.
 13318 | D:13     | 13318 ||| PLANNING GAUNTLET
 13318 | D:13     | 13318 ||| RETREEEEATING.
 13319 | D:13     | 13319 ||| RETREEEEATING.
 13320 | D:13     | 13320 ||| RETREEEEATING.
 13321 | D:13     | 13321 ||| RETREEEEATING.
 13322 | D:13     | 13322 ||| Stepping ~*~*~tactically~*~*~ (cloud).
 13323 | D:13     | 13323 ||| RETREEEEATING.
 13324 | D:13     | 13324 ||| RETREEEEATING.
 13526 | D:13     | 13526 ||| Stepping ~*~*~tactically~*~*~ (cloud).
 13744 | D:13     | Found a gate leading to a gauntlet.
 13753 | Gauntlet | Entered a Gauntlet
 13753 | Gauntlet | Found a transporter.
 13756 | Gauntlet | Found a transporter.
 13770 | Gauntlet | Found a transporter.
 13774 | Gauntlet | Found a transporter.
 13794 | Gauntlet | Found a transporter.
 13807 | Gauntlet | Found a transporter.
 13812 | Gauntlet | Noticed a cacodemon
 13815 | Gauntlet | Found a transporter.
 13816 | Gauntlet | Found a transporter.
 13844 | Gauntlet | Found a transporter.
 13860 | Gauntlet | Found a transporter.
 13863 | Gauntlet | Found a transporter.
 13879 | Gauntlet | Found a transporter.
 13947 | Gauntlet | Received a gift from Okawaru
 13983 | Gauntlet | 13983 ||| Stepping randomly (stuck).
 13984 | Gauntlet | 13984 ||| Stepping randomly (stuck).
 13985 | Gauntlet | 13985 ||| Stepping randomly (stuck).
 13986 | Gauntlet | 13986 ||| Stepping randomly (stuck).
 13987 | Gauntlet | 13987 ||| Stepping randomly (stuck).
 13988 | Gauntlet | 13988 ||| Stepping randomly (stuck).
 13990 | Gauntlet | 13990 ||| Stepping randomly (stuck).
 13991 | Gauntlet | 13991 ||| Stepping randomly (stuck).
 13992 | Gauntlet | 13992 ||| Stepping randomly (stuck).
 13994 | Gauntlet | 13994 ||| Stepping randomly (stuck).
 13998 | Gauntlet | Reached skill level 19 in Dodging
 14012 | Gauntlet | 14012 ||| INVOKING Finesse.
 14083 | Gauntlet | Identified the +5 arbalest of the Land of Plenty {flame,
                  | rC+ Str+3}
 14084 | Gauntlet | HP: 15/72 [minotaur/bolt (28)]
 14330 | D:13     | 14330 ||| PLANNING D
 14996 | D:14     | 14996 ||| RETREEEEATING.
 15002 | D:14     | Noticed Kirke
 15003 | D:14     | 15003 ||| RETREEEEATING.
 15004 | D:14     | 15004 ||| RETREEEEATING.
 15005 | D:14     | 15005 ||| RETREEEEATING.
 15006 | D:14     | 15006 ||| RETREEEEATING.
 15007 | D:14     | 15007 ||| RETREEEEATING.
 15010 | D:14     | 15010 ||| ZAPPING wand of light (16) at -3,-5 (Kirke;
                  | floor).
 15011 | D:14     | 15011 ||| RETREEEEATING.
 15015 | D:14     | 15015 ||| INVOKING Finesse.
 15018 | D:14     | Killed Kirke
 15018 | D:14     | Received a gift from Okawaru
 15096 | D:14     | Found a gate to the Vaults.
 15221 | D:14     | Reached skill level 18 in Ranged Weapons
 15300 | D:14     | Noticed Josephine
 15304 | D:14     | Killed Josephine
 15353 | D:14     | Received a gift from Okawaru
 15809 | D:15     | Entered Level 15 of the Dungeon
 15833 | D:15     | Reached XP level 15. HP: 71/77 MP: 23/23
 16060 | D:15     | Received a gift from Okawaru
 16180 | D:15     | 16180 ||| INVOKING Finesse.
 16184 | D:15     | Reached skill level 20 in Dodging
 16595 | D:15     | 16595 ||| RETREEEEATING.
 16597 | D:15     | 16597 ||| RETREEEEATING.
 16604 | D:15     | 16604 ||| RETREEEEATING.
 16621 | D:15     | HP: 6/77 [water nymph/the raging water (21)]
 16622 | D:15     | 16622 ||| READING 8 scrolls of teleportation.
 16623 | D:15     | 16623 ||| DRINKING potion of heal wounds.
 16840 | D:15     | Found a staircase to the Depths.
 16843 | D:15     | Got a smoky gem with 839 turns to spare
 16857 | D:15     | 16857 ||| PLANNING ORC
 17011 | Orc:1    | Entered Level 1 of the Orcish Mines
 17453 | Orc:1    | Reached skill level 21 in Dodging
 17598 | Orc:1    | Received a gift from Okawaru
 17625 | Orc:1    | Identified the +0 hat of Intuition {^Drain rElec Stlth+}
 17678 | Orc:1    | 17678 ||| DROPPING +1 hat.
 17679 | Orc:1    | 17679 ||| DROPPING +1 hat.
 17680 | Orc:1    | 17680 ||| DROPPING +0 hat of Intuition {^Drain rElec
                  | Stlth+}.
 17681 | Orc:1    | 17681 ||| DROPPING +2 hat.
 17716 | Orc:2    | Entered Level 2 of the Orcish Mines
 17735 | Orc:2    | 17735 ||| ZAPPING wand of light (15) at 5,-4 (orc sorcerer;
                  | floor).
 17736 | Orc:2    | 17736 ||| INVOKING Finesse.
 17782 | Orc:2    | Found a staircase to the Elven Halls.
 18096 | Orc:2    | Found Wamoj's Distillery.
 18110 | Orc:2    | 18110 ||| BUYING potion of curing (51 gold).
 18110 | Orc:2    | Bought a potion of curing for 51 gold pieces
 18110 | Orc:2    | 18110 ||| BUYING potion of magic (136 gold).
 18110 | Orc:2    | Bought a potion of magic for 136 gold pieces
 18110 | Orc:2    | 18110 ||| BUYING potion of mutation (136 gold).
 18110 | Orc:2    | Bought a potion of mutation for 136 gold pieces
 18134 | Orc:2    | Found Socer's Book Boutique.
 18135 | Orc:2    | 18135 ||| RETREEEEATING.
 18139 | Orc:2    | Reached skill level 22 in Dodging
 18147 | Orc:2    | Received a gift from Okawaru
 18170 | Orc:2    | Found Jehampib's Magic Scroll Shop.
 18171 | Orc:2    | 18171 ||| RETREEEEATING.
 18172 | Orc:2    | 18172 ||| RETREEEEATING.
 18173 | Orc:2    | 18173 ||| RETREEEEATING.
 18174 | Orc:2    | 18174 ||| RETREEEEATING.
 18175 | Orc:2    | 18175 ||| RETREEEEATING.
 18176 | Orc:2    | 18176 ||| RETREEEEATING.
 18178 | Orc:2    | 18178 ||| RETREEEEATING.
 18180 | Orc:2    | 18180 ||| RETREEEEATING.
 18182 | Orc:2    | 18182 ||| RETREEEEATING.
 18184 | Orc:2    | 18184 ||| RETREEEEATING.
 18186 | Orc:2    | 18186 ||| RETREEEEATING.
 18319 | Orc:2    | 18319 ||| BUYING scroll of enchant weapon (105 gold).
 18319 | Orc:2    | Bought a scroll of enchant weapon for 105 gold pieces
 18319 | Orc:2    | 18319 ||| BUYING scroll of identify (28 gold).
 18319 | Orc:2    | Bought a scroll of identify for 28 gold pieces
 18319 | Orc:2    | 18319 ||| BUYING scroll of identify (28 gold).
 18319 | Orc:2    | Bought a scroll of identify for 28 gold pieces
 18319 | Orc:2    | 18319 ||| BUYING scroll of teleportation (42 gold).
 18319 | Orc:2    | Bought a scroll of teleportation for 42 gold pieces
 18319 | Orc:2    | 18319 ||| BUYING scroll of teleportation (42 gold).
 18319 | Orc:2    | Bought a scroll of teleportation for 42 gold pieces
 18319 | Orc:2    | 18319 ||| BUYING scroll of teleportation (42 gold).
 18319 | Orc:2    | Bought a scroll of teleportation for 42 gold pieces
 18319 | Orc:2    | 18319 ||| READING scroll of enchant weapon.
 18319 | Orc:2    | 18319 ||| ENCHANTING +7 arbalest of draining.
 18360 | Orc:2    | 18360 ||| RETREEEEATING.
 18363 | Orc:2    | 18363 ||| RETREEEEATING.
 18364 | Orc:2    | 18364 ||| INVOKING Finesse.
 18375 | Orc:2    | Reached skill level 9 in Fighting
 18649 | Orc:2    | 18649 ||| PLANNING SHOALS:1-3
 18820 | Shoals:1 | Entered Level 1 of the Shoals
 18822 | Shoals:1 | 18822 ||| STAIRDANCE
 18846 | Shoals:1 | 18846 ||| STAIRDANCE
 18985 | Shoals:1 | 18985 ||| STAIRDANCE
 19002 | Shoals:1 | 19002 ||| INVOKING Finesse.
 19029 | Shoals:1 | HP: 14/79 [drowned by a drowned soul[a merfolk avatar]
                  | (15)]
 19030 | Shoals:1 | 19030 ||| STAIRDANCE
 19238 | Shoals:1 | 19238 ||| INVOKING Finesse.
 19267 | Shoals:1 | 19267 ||| INVOKING Finesse.
 19283 | Shoals:1 | Received a gift from Okawaru
 19576 | Shoals:1 | 19576 ||| INVOKING Finesse.
 19593 | Shoals:1 | Reached skill level 23 in Dodging
 19674 | Shoals:1 | Reached XP level 16. HP: 78/84 MP: 24/24
 19737 | Shoals:1 | Found Wafor's Antique Weapon Shop.
 19901 | Shoals:1 | Received a gift from Okawaru
 20094 | Shoals:2 | 20094 ||| RETREEEEATING.
 20095 | Shoals:2 | 20095 ||| RETREEEEATING.
 20096 | Shoals:2 | 20096 ||| RETREEEEATING.
 20098 | Shoals:2 | 20098 ||| INVOKING Finesse.
 20099 | Shoals:2 | 20099 ||| RETREEEEATING.
 20273 | Shoals:2 | Reached skill level 24 in Dodging
 20488 | Shoals:2 | Identified the +2 robe of Minor Irritation {^Drain rElec
                  | Will+++ Dex-2}
 20527 | Shoals:2 | Received a gift from Okawaru
 20740 | Shoals:2 | 20740 ||| DROPPING ring of magical power.
 20834 | Shoals:3 | 20834 ||| Stepping ~*~*~tactically~*~*~ (cloud).
 20866 | Shoals:3 | Noticed Polyphemus
 20868 | Shoals:3 | 20868 ||| INVOKING Finesse.
 20877 | Shoals:3 | Killed Polyphemus
 20878 | Shoals:3 | Reached skill level 25 in Dodging
 20890 | Shoals:3 | 20890 ||| Stepping ~*~*~tactically~*~*~ (cloud).
 20961 | Shoals:3 | Received a gift from Okawaru
 21010 | Shoals:3 | 21010 ||| RETREEEEATING.
 21016 | Shoals:3 | 21016 ||| INVOKING Finesse.
 21019 | Shoals:3 | 21019 ||| FLEEEEING.
 21020 | Shoals:3 | 21020 ||| FLEEEEING.
 21228 | Shoals:3 | Found a gateway to a bazaar.
 21229 | Shoals:3 | 21229 ||| PLANNING BAZAAR
 21232 | Bazaar   | Entered a bazaar
 21247 | Bazaar   | Found Vanidous's Distillery.
 21251 | Bazaar   | 21251 ||| BUYING 2 potions of haste (320 gold).
 21251 | Bazaar   | Bought 2 potions of haste for 320 gold pieces
 21251 | Bazaar   | 21251 ||| BUYING 2 potions of heal wounds (160 gold).
 21251 | Bazaar   | Bought 2 potions of heal wounds for 160 gold pieces
 21251 | Bazaar   | 21251 ||| BUYING 2 potions of magic (256 gold).
 21251 | Bazaar   | Bought 2 potions of magic for 256 gold pieces
 21251 | Bazaar   | 21251 ||| BUYING potion of magic (128 gold).
 21251 | Bazaar   | Bought a potion of magic for 128 gold pieces
 21251 | Bazaar   | 21251 ||| BUYING potion of might (64 gold).
 21251 | Bazaar   | Bought a potion of might for 64 gold pieces
 21278 | Bazaar   | Found Metofy's Distillery.
 21283 | Bazaar   | 21283 ||| BUYING potion of cancellation (96 gold).
 21283 | Bazaar   | Bought a potion of cancellation for 96 gold pieces
 21283 | Bazaar   | 21283 ||| BUYING potion of haste (120 gold).
 21283 | Bazaar   | Bought a potion of haste for 120 gold pieces
 21283 | Bazaar   | 21283 ||| BUYING potion of might (48 gold).
 21283 | Bazaar   | Bought a potion of might for 48 gold pieces
 21283 | Bazaar   | 21283 ||| BUYING potion of might (48 gold).
 21283 | Bazaar   | Bought a potion of might for 48 gold pieces
 21283 | Bazaar   | 21283 ||| BUYING potion of might (48 gold).
 21283 | Bazaar   | Bought a potion of might for 48 gold pieces
 21301 | Bazaar   | Found Hih Zif's Magic Scroll Shoppe.
 21327 | Bazaar   | Found Laisell's Magic Scroll Shoppe.
 21406 | Shoals:3 | 21406 ||| PLANNING SHOALS:1-3
 21813 | Shoals:3 | 21813 ||| PLANNING SNAKE:1-3
 21916 | Snake:1  | Entered Level 1 of the Snake Pit
 21945 | Snake:1  | Found a glowing silver altar of Zin.
 22150 | Snake:1  | Noticed Donald
 22156 | Snake:1  | Killed Donald
 22156 | Snake:1  | Received a gift from Okawaru
 22402 | Snake:2  | 22402 ||| STAIRDANCE
 22472 | Snake:2  | Found a transporter.
 22479 | Snake:2  | Noticed Dittersdorf's ghost (adept MiBe)
 22494 | Snake:2  | 22494 ||| INVOKING Finesse.
 22605 | Snake:2  | 22605 ||| INVOKING Finesse.
 22610 | Snake:2  | Reached skill level 26 in Dodging
 22864 | Snake:2  | 22864 ||| DROPPING scarf of harm.
 22890 | Snake:3  | 22890 ||| RETREEEEATING.
 22891 | Snake:3  | 22891 ||| RETREEEEATING.
 22892 | Snake:3  | 22892 ||| INVOKING Finesse.
 22895 | Snake:3  | Received a gift from Okawaru
 22897 | Snake:3  | 22897 ||| STAIRDANCE
 22928 | Snake:3  | Reached XP level 17. HP: 71/89 MP: 25/25
 22928 | Snake:3  | 22928 ||| STAIRDANCE
 22981 | Snake:3  | 22981 ||| STAIRDANCE
 23003 | Snake:3  | 23003 ||| STAIRDANCE
 23016 | Snake:3  | 23016 ||| STAIRDANCE
 23031 | Snake:3  | 23031 ||| RETREEEEATING.
 23032 | Snake:3  | 23032 ||| RETREEEEATING.
 23033 | Snake:3  | 23033 ||| RETREEEEATING.
 23034 | Snake:3  | 23034 ||| RETREEEEATING.
 23035 | Snake:3  | 23035 ||| RETREEEEATING.
 23036 | Snake:3  | 23036 ||| RETREEEEATING.
 23040 | Snake:3  | 23040 ||| INVOKING Finesse.
 23179 | Snake:3  | Noticed Roxanne
 23194 | Snake:3  | Killed Roxanne
 23201 | Snake:3  | 23201 ||| RETREEEEATING.
 23203 | Snake:3  | 23203 ||| RETREEEEATING.
 23204 | Snake:3  | 23204 ||| RETREEEEATING.
 23205 | Snake:3  | 23205 ||| RETREEEEATING.
 23206 | Snake:3  | 23206 ||| RETREEEEATING.
 23207 | Snake:3  | 23207 ||| RETREEEEATING.
 23208 | Snake:3  | 23208 ||| RETREEEEATING.
 23209 | Snake:3  | 23209 ||| INVOKING Finesse.
 23385 | Snake:3  | Received a gift from Okawaru
 23419 | Snake:3  | 23419 ||| RETREEEEATING.
 23751 | Snake:3  | 23751 ||| INVOKING Finesse.
 23754 | Snake:3  | Reached skill level 27 in Dodging
 23864 | Snake:3  | 23864 ||| RETREEEEATING.
 23865 | Snake:3  | 23865 ||| RETREEEEATING.
 23866 | Snake:3  | 23866 ||| INVOKING Finesse.
 23867 | Snake:3  | 23867 ||| INVOKING Finesse.
 23911 | Snake:3  | Received a gift from Okawaru
 23943 | Snake:3  | 23943 ||| PLANNING SHOALS:4
 24086 | Shoals:4 | Entered Level 4 of the Shoals
 24097 | Shoals:4 | 24097 ||| INVOKING Finesse.
 24099 | Shoals:4 | 24099 ||| STAIRDANCE
 24215 | Shoals:4 | 24215 ||| STAIRDANCE
 24368 | Shoals:4 | 24368 ||| RETREEEEATING.
 24370 | Shoals:4 | 24370 ||| INVOKING Finesse.
 24539 | Shoals:4 | Got a barnacled rune of Zot
 24600 | Shoals:4 | Reached skill level 12 in Fighting
 24689 | Shoals:4 | 24689 ||| RETREEEEATING.
 24690 | Shoals:4 | 24690 ||| RETREEEEATING.
 24691 | Shoals:4 | 24691 ||| RETREEEEATING.
 24692 | Shoals:4 | 24692 ||| RETREEEEATING.
 24761 | Shoals:4 | Identified the +9 war axe of Dullness {spect, rCorr}
 24762 | Shoals:4 | Noticed Mara
 24763 | Shoals:4 | 24763 ||| INVOKING Finesse.
 24774 | Shoals:4 | Noticed qw's illusion
 24808 | Shoals:4 | 24808 ||| INVOKING Finesse.
 24824 | Shoals:4 | Killed Mara
 24824 | Shoals:4 | Received a gift from Okawaru
 25019 | Shoals:4 | 25019 ||| RETREEEEATING.
 25020 | Shoals:4 | 25020 ||| RETREEEEATING.
 25021 | Shoals:4 | 25021 ||| RETREEEEATING.
 25022 | Shoals:4 | 25022 ||| RETREEEEATING.
 25023 | Shoals:4 | 25023 ||| RETREEEEATING.
 25159 | Shoals:4 | 25159 ||| RETREEEEATING.
 25388 | Shoals:4 | Received a gift from Okawaru
 25432 | Shoals:4 | Reached XP level 18. HP: 53/100 MP: 26/26
 25611 | Shoals:4 | Identified the +6 morningstar of Causality {freeze, Will+
                  | Str+3}
 25672 | Shoals:4 | 25672 ||| PLANNING VAULTS:1-4
 25672 | Shoals:4 | 25672 ||| DROPPING +2 robe of positive energy.
 25673 | Shoals:4 | 25673 ||| DROPPING wand of mindburst (27).
 25859 | Vaults:1 | Entered Level 1 of the Vaults
 25870 | Vaults:1 | 25870 ||| RETREEEEATING.
 25871 | Vaults:1 | 25871 ||| RETREEEEATING.
 26063 | Vaults:1 | 26063 ||| INVOKING Finesse.
 26113 | Vaults:1 | Found Esallin's Jewellery Shoppe.
 26141 | Vaults:1 | 26141 ||| SHOPLISTING amulet of reflection (420 gold, have
                  | 412).
 26141 | Vaults:1 | 26141 ||| BUYING ring of protection from fire (350 gold).
 26141 | Vaults:1 | Bought a ring of protection from fire for 350 gold pieces
 26441 | Vaults:1 | Received a gift from Okawaru
 26534 | Vaults:1 | 26534 ||| INVOKING Finesse.
 26670 | Vaults:1 | 26670 ||| INVOKING Finesse.
 26784 | Vaults:1 | 26784 ||| RETREEEEATING.
 26790 | Vaults:1 | 26790 ||| RETREEEEATING.
 26792 | Vaults:1 | 26792 ||| RETREEEEATING.
 26793 | Vaults:1 | 26793 ||| RETREEEEATING.
 26795 | Vaults:1 | 26795 ||| RETREEEEATING.
 26796 | Vaults:1 | 26796 ||| RETREEEEATING.
 26797 | Vaults:1 | 26797 ||| RETREEEEATING.
 26798 | Vaults:1 | 26798 ||| RETREEEEATING.
 26799 | Vaults:1 | 26799 ||| RETREEEEATING.
 26801 | Vaults:1 | 26801 ||| RETREEEEATING.
 26803 | Vaults:1 | 26803 ||| RETREEEEATING.
 26805 | Vaults:1 | 26805 ||| RETREEEEATING.
 26807 | Vaults:1 | 26807 ||| RETREEEEATING.
 26809 | Vaults:1 | 26809 ||| RETREEEEATING.
 26903 | Vaults:1 | 26903 ||| RETREEEEATING.
 26904 | Vaults:1 | 26904 ||| RETREEEEATING.
 26905 | Vaults:1 | 26905 ||| RETREEEEATING.
 26907 | Vaults:1 | 26907 ||| RETREEEEATING.
 26908 | Vaults:1 | 26908 ||| RETREEEEATING.
 26909 | Vaults:1 | 26909 ||| RETREEEEATING.
 26911 | Vaults:1 | 26911 ||| RETREEEEATING.
 26983 | Vaults:1 | Received a gift from Okawaru
 27215 | Vaults:1 | You fall into a shaft and drop 1 floor!
 27216 | Vaults:2 | 27216 ||| RETREEEEATING.
 27217 | Vaults:2 | 27217 ||| RETREEEEATING.
 27219 | Vaults:2 | 27219 ||| INVOKING Finesse.
 27230 | Vaults:2 | Reached skill level 15 in Fighting
 27355 | Vaults:2 | 27355 ||| DROPPING ring of fire.
 27419 | Vaults:1 | Reached skill level 3 in Armour
 27651 | Vaults:1 | Received a gift from Okawaru
 27818 | Vaults:2 | 27818 ||| RETREEEEATING.
 27841 | Vaults:2 | 27841 ||| RETREEEEATING.
 27843 | Vaults:2 | 27843 ||| RETREEEEATING.
 27845 | Vaults:2 | 27845 ||| RETREEEEATING.
 27852 | Vaults:2 | 27852 ||| INVOKING Finesse.
 27864 | Vaults:2 | 27864 ||| RETREEEEATING.
 27866 | Vaults:2 | 27866 ||| RETREEEEATING.
 27916 | Vaults:2 | 27916 ||| INVOKING Finesse.
 28028 | Vaults:2 | 28028 ||| RETREEEEATING.
 28029 | Vaults:2 | 28029 ||| RETREEEEATING.
 28030 | Vaults:2 | 28030 ||| RETREEEEATING.
 28031 | Vaults:2 | 28031 ||| RETREEEEATING.
 28032 | Vaults:2 | 28032 ||| RETREEEEATING.
 28033 | Vaults:2 | 28033 ||| RETREEEEATING.
 28034 | Vaults:2 | 28034 ||| RETREEEEATING.
 28036 | Vaults:2 | 28036 ||| RETREEEEATING.
 28038 | Vaults:2 | 28038 ||| RETREEEEATING.
 28040 | Vaults:2 | 28040 ||| RETREEEEATING.
 28041 | Vaults:2 | 28041 ||| RETREEEEATING.
 28042 | Vaults:2 | 28042 ||| RETREEEEATING.
 28045 | Vaults:2 | 28045 ||| INVOKING Finesse.
 28463 | Vaults:2 | Found Roxzigink's Armour Shoppe.
 28543 | Vaults:2 | Received a gift from Okawaru
 28582 | Vaults:2 | Reached XP level 19. HP: 111/111 MP: 27/27
 29229 | Vaults:3 | 29229 ||| PLANNING DESOLATION
 29450 | Vaults:3 | 29450 ||| INVOKING Finesse.
 29451 | Vaults:3 | 29451 ||| INVOKING Heroism.
 29491 | Vaults:3 | Noticed Norris
 29507 | Vaults:3 | 29507 ||| RETREEEEATING.
 29508 | Vaults:3 | 29508 ||| INVOKING Finesse.
 29512 | Vaults:3 | Killed Norris
 29599 | Vaults:3 | Noticed Boris
 29600 | Vaults:3 | 29600 ||| INVOKING Finesse.
 29614 | Vaults:3 | Killed Boris
 29615 | Vaults:3 | 29615 ||| FLEEEEING.
 29616 | Vaults:3 | 29616 ||| FLEEEEING.
 29617 | Vaults:3 | 29617 ||| FLEEEEING.
 29618 | Vaults:3 | 29618 ||| FLEEEEING.
 29619 | Vaults:3 | 29619 ||| FLEEEEING.
 29627 | Vaults:3 | 29627 ||| FLEEEEING.
 29628 | Vaults:3 | 29628 ||| FLEEEEING.
 29629 | Vaults:3 | 29629 ||| FLEEEEING.
 29633 | Vaults:3 | 29633 ||| FLEEEEING.
 29794 | Vaults:3 | Noticed Sojobo
 29795 | Vaults:3 | 29795 ||| INVOKING Finesse.
 29824 | Vaults:3 | HP: 22/112 [tengu reaver/+0 long sword[Sojobo] (26)]
 29825 | Vaults:3 | 29825 ||| READING 11 scrolls of teleportation.
 29825 | Vaults:3 | HP: 4/112 [tengu reaver/+0 long sword[Sojobo] (14)]
 29825 | Vaults:3 | Slain by a tengu reaver

Levels and vault maps discovered:
D:1:      minmay_arrival_nine_rooms, layout_basic
D:2:      wad_pebble_path, layout_loops_ring,
          hellmonk_ecumenical_altar_heavens_door, uniq_jessica, uniq_sigmund
D:3:      layout_basic, nicolae_gozag_cash_rules_everything_around_me,
          nicolae_tso_besieged_by_evil, serial_bayou_lagoon_a
D:4:      layout_basic, nicolae_qazlal_general_emergency, temple_doors_e,
          kennysheep_diamond
D:5:      layout_loops_ring, uniq_grinder, uniq_blork_the_orc,
          uniq_crazy_yiuf_cottage, uniq_eustachio
D:6:      layout_gridville, lemuel_crystal_altar, gammafunk_ghost_stat_death,
          uniq_edmund
D:7:      minmay_spotlight, layout_basic, tgw_kikubaaqudgha, serial_shops,
          nicolae_shop_tiny_waterfront, hellmonk_ghost_happy_afterlife
D:8:      layout_basic, minmay_overflow_temple_star_hex, serial_shops,
          nicolae_shop_tiny_statue_garden, shop,
          nicolae_shop_temple_entry_statues_fountains, corexii_corridor_pit,
          nicolae_nh_ransacked_shop
D:9:      layout_gridville, grunt_temple_overflow_champion_of_chaos,
          minmay_st_funbox, glass_columns_c, uniq_amaemon, uniq_psyche
D:10:     layout_stronghold, hiddenorc1_lemuel, uniq_joseph
D:11:     layout_rooms, david_lair_shrubbed, serial_shops, shop
D:12:     layout_roguey, gammafunk_ghost_smash, uniq_erolcha
D:13:     layout_stronghold, gauntlet_entry_generic, nicolae_fountain_basement
D:14:     layout_roguey [special_room_mythical_zoo], david_vaults_5,
          minmay_misc_feat_doors, uniq_josephine, uniq_kirke
D:15:     hangedman_depths_entry_try_elsewhere_first, layout_basic
Temple:   hellmonk_temple_rainy
Lair:1:   layout_roguey
Lair:2:   layout_long_grid, mainiacjoe_shoals_entry_four_pools,
          nicolae_snake_entry_warm_welcome, uniq_erica
Lair:3:   layout_cave_shapes, infiniplex_staircase_pool_2
Lair:4:   layout_cave_pods, slime_entry_2
Lair:5:   due_jungle_book, layout_misc_corridors, uniq_nessos
Shoals:1: layout_shoals, serial_shops, nicolae_shop_rolling_square
Shoals:2: layout_shoals, nicolae_shoals_undead_eyrie
Shoals:3: layout_shoals, serial_shops, statue_bzr, uniq_polyphemus
Shoals:4: shoals_end_grunt_ice, layout_shoals, abandoned_shop, uniq_mara
Snake:1:  layout_rooms, basic_altar, uniq_donald
Snake:2:  layout_rooms, gammafunk_ghost_berserking_beasts
Snake:3:  layout_rooms, nicolae_snake_dead_anacondas, uniq_roxanne
Orc:1:    layout_diamond_mine, hangedman_minor_magic
Orc:2:    st_orc_town, layout_caves, basic_altar, abandoned_shop,
          nicolae_orc_lost_temple
Vaults:1: grunt_vaults_diagonal, vaults_room_ringed_pool, v_misc_12,
          ontoclasm_vaults_ring_small, nicolae_vaults_loss_of_containment,
          nicolae_vaults_closet_pinwheel_1, nicolae_vaults_closet_pinwheel_2,
          dpeg_vaults_monster_box, layout_vaults_quadrants, serial_shops,
          nicolae_shop_crystal
Vaults:2: ontoclasm_vaults_ring_square, nicolae_vaults_little_squares_2,
          nicolae_vaults_stepped_doors, vaults_mumra_hexcomb,
          nicolae_vaults_trapezoid_1, nicolae_vaults_house_3,
          nicolae_vaults_diamond_1, nicolae_vaults_sealed_display,
          hangedman_vaults_nodes, nicolae_vaults_circle_grid_b,
          nicolae_vaults_sesquioval_fish, nicolae_vaults_tetromino_L_2,
          nicolae_vaults_taking_the_gang_shopping,
          hangedman_vaults_corner_blocks, nicolae_vaults_tetromino_Z_1,
          layout_vaults_omnicross
Vaults:3: portal_desolation_entry_nicolae_nacl,
          minmay_crypt_entry_skeletal_spiral, nicolae_vaults_twisting_passages,
          nicolae_vaults_ninety_degrees, nicolae_vaults_quadrants,
          nicolae_vaults_more_shelving_2, hangedman_vaults_stretched_pinwheel,
          grunt_vaults_hallway_short, layout_vaults_omnibox, uniq_norris,
          uniq_boris, uniq_sojobo

Skill      XL: |  1  2  3  4  5  6  7  8  9 10 11 12 13 14 15 16 17 18 19 |
---------------+----------------------------------------------------------+-----
Dodging        | 3 4 5 6 8 9 12 13 14 16 18 19 23 26 27 | 27.0
Ranged Weapons | 6 7 8 9 10 12 14 16 18 | 18.0
Fighting       | 2 3 4 5 6 7 8 9 10 13 16 17 | 17.4
Invocations    | 3 6 10 | 10.0
Armour         | 1 2 3 |  3.0
Stealth        | |  1.5

Action                     |  1- 3 |  4- 6 |  7- 9 | 10-12 | 13-15 | 16-18 | 19-21 || total
---------------------------+-------+-------+-------+-------+-------+-------+-------++-------
   Fire: Shortbow          |    24 |       |       |       |       |       |       ||    24
         Arbalest          |    17 |    66 |   150 |   535 |  1232 |  1550 |   200 ||  3750
 Invoke: Heroism           |       |       |       |     2 |     1 |       |     1 ||     4
         Finesse           |       |       |       |     2 |    14 |    21 |     4 ||    41
         Receive Weapon    |       |       |       |     1 |       |       |       ||     1
         Receive Armour    |       |       |       |     1 |       |       |       ||     1
  Evoke: Wand              |       |       |       |     5 |     9 |       |       ||    14
    Use: Scroll            |     6 |    10 |     5 |    11 |    11 |       |     1 ||    44
         Potion            |       |     1 |       |     2 |     2 |       |       ||     5
 Armour: Robe              |     1 |       |       |       |       |       |       ||     1
         Animal skin       |       |     1 |     3 |    25 |    98 |   101 |    29 ||   257
  Dodge: Dodged            |     1 |     7 |    30 |   194 |   523 |   991 |   126 ||  1872

Table legend:
 A = Non-vault XP
 B = Vault XP
 C = Vault XP percentage of total XP
 D = Non-vault monster count
 E = Vault monster count
 F = Vault count percentage of total count
                 A         B        C        D         E       F
            +---------+---------+-------+---------+---------+-------
      Total |  271567 |  137388 |  33.6 |     793 |     339 |  29.9
            +---------+---------+-------+---------+---------+-------
        D:1 |      26 |       0 |   0.0 |      13 |       0 |   0.0
        D:2 |      59 |     260 |  81.5 |      27 |       2 |   6.9
        D:3 |      38 |      53 |  58.2 |       7 |       6 |  46.2
        D:4 |     719 |       2 |   0.3 |      26 |       1 |   3.7
        D:5 |     492 |     555 |  53.0 |      14 |       3 |  17.6
        D:6 |    2569 |     173 |   6.3 |      29 |       1 |   3.3
        D:7 |     812 |     459 |  36.1 |      18 |       5 |  21.7
        D:8 |    1632 |     219 |  11.8 |      18 |       4 |  18.2
        D:9 |    3085 |    1593 |  34.1 |      35 |       4 |  10.3
       D:10 |    4306 |     866 |  16.7 |      37 |      18 |  32.7
       D:11 |    3974 |     355 |   8.2 |      13 |       1 |   7.1
       D:12 |    4383 |     882 |  16.8 |      11 |       1 |   8.3
       D:13 |    3184 |    2681 |  45.7 |       8 |       5 |  38.5
       D:14 |    6945 |    9542 |  57.9 |      12 |      36 |  75.0
       D:15 |   12794 |    2587 |  16.8 |      33 |       4 |  10.8
     Lair:1 |    5537 |       0 |   0.0 |      28 |       0 |   0.0
     Lair:2 |    7259 |    2330 |  24.3 |      26 |       8 |  23.5
     Lair:3 |    4019 |       0 |   0.0 |      16 |       0 |   0.0
     Lair:4 |    8045 |     135 |   1.7 |      35 |       5 |  12.5
     Lair:5 |    6387 |   15957 |  71.4 |      19 |      30 |  61.2
   Shoals:1 |   18920 |       0 |   0.0 |      37 |       0 |   0.0
   Shoals:2 |   15185 |    1325 |   8.0 |      29 |       6 |  17.1
   Shoals:3 |   18469 |    5418 |  22.7 |      37 |       6 |  14.0
   Shoals:4 |   18042 |   24081 |  57.2 |      37 |      32 |  46.4
    Snake:1 |    3121 |    1371 |  30.5 |       6 |       1 |  14.3
    Snake:2 |   11181 |       0 |   0.0 |      30 |       0 |   0.0
    Snake:3 |   23596 |   13107 |  35.7 |      42 |      20 |  32.3
      Orc:1 |    1681 |    1594 |  48.7 |      12 |      17 |  58.6
      Orc:2 |    7114 |   10867 |  60.4 |      29 |      63 |  68.5
   Vaults:1 |   31263 |   12629 |  28.8 |      43 |      21 |  32.8
   Vaults:2 |   35040 |   13651 |  28.0 |      50 |      23 |  31.5
   Vaults:3 |   11690 |   10809 |  48.0 |      16 |       8 |  33.3
   Gauntlet |       0 |    3887 | 100.0 |       0 |       8 | 100.0
            +---------+---------+-------+---------+---------+-------
